 Dungeon Crawl Stone Soup version 0.27-a0-1545-g3eddc1d3d3 (webtiles) character file.

Game seed: 8520252233624573995

616 HAL9000 the Covert (level 7, -1/51 HPs)
             Began as a Vine Stalker Brigand on July 13, 2021.
             Succumbed to a water moccasin's poison
             ... on level 5 of the Dungeon.
             The game lasted 00:05:52 (4076 turns).

HAL9000 the Covert (Vine Stalker Brigand)           Turns: 4076, Time: 00:05:52

Health: -1/51      AC: 23    Str: 18 (20) XL:     7   Next: 45%
Magic:  8/8        EV:  2    Int: 10 (12) God:
Gold:   329        SH:  0    Dex: 14 (16) Spells: 6/6 levels left

rFire    . . .     SeeInvis .   a - +2 dagger
rCold    . . .     Faith    .   (no shield)
rNeg     + + +     Spirit   +   (armour currently unavailable)
rPois    +         Reflect  .   (helmet currently unavailable)
rElec    .         Harm     .   (cloak currently unavailable)
rCorr    .         Rampage  .   (gloves currently unavailable)
Will     .....     NoTele   +   (boots currently unavailable)
Stlth    ++........             (no amulet)
HPRegen  1.17/turn              y - +6 ring of strength
MPRegen  0.11/turn              (no ring)

@: confused, lethally poisoned (-1 -> -8), tree-form, ambrosia-drunk, hasted,
very quick
A: stationary, stasis, torment immunity, boosted hp, (fangs 2), regeneration 1,
magic shield, (antimagic bite), no potion heal 2
a: no special abilities


You were on level 5 of the Dungeon.
You were a tree.
You visited 1 branch of the dungeon, and saw 5 of its levels.

You collected 329 gold pieces.

Inventory:

Hand Weapons
 a - a +2 dagger (weapon)
 o - a +2 hunting sling of flaming
 v - a +1 dagger of holy wrath
Missiles
 d - 7 poisoned darts (quivered)
 e - a curare-tipped dart
 p - 240 stones
 q - 62 sling bullets
Armour
 b - a +0 robe (melded)
 c - a +0 cloak (melded)
 w - a +0 helmet
Jewellery
 y - a +6 ring of strength (left branch)
Wands
 n - a wand of charming (6)
 t - a wand of iceblast (11)
Scrolls
 f - 3 scrolls of teleportation {unknown}
 g - 2 scrolls of silence
 h - a scroll of immolation {unknown}
 j - 2 scrolls of amnesia {unknown}
 k - 5 scrolls of identify {unknown}
 l - 2 scrolls of vulnerability {unknown}
 u - 2 scrolls of magic mapping {unknown}
 z - a scroll of fog {unknown}
 A - a scroll of enchant weapon {unknown}
Potions
 m - 3 potions of lignification
 x - a potion of cancellation {unknown}


   Skills:
 - Level 1.7 Fighting
 - Level 4.2 Short Blades
 + Level 2.8(3.1) Slings
 - Level 1.7(2.5) Throwing
 - Level 0.7 Dodging
 - Level 8.8 Stealth


You had 6 spell levels left.
You didn't know any spells.
Your spell library contained the following spells:

 Spells                   Type           Power      Damage    Failure   Level
 Animate Skeleton         Necr           0%         N/A       36%         1
 Pain                     Necr           0%         1d4       36%         1
 Dazzling Flash           Conj/Hex       0%         N/A       75%         3
 Ignite Poison            Fire/Tmut/Pois 0%         N/A       75%         3
 Mephitic Cloud           Conj/Pois/Air  0%         N/A       75%         3
 Vampiric Draining        Necr           0%         2d6       75%         3
 Iskenderun's Mystic Bla  Conj/Tloc      0%         2d3       98%         4
 Bolt of Magma            Conj/Fire/Erth 0%         4d4       100%        5
 Starburst                Conj/Fire      0%         8x6d3     100%        6


Dungeon Overview and Level Annotations

Branches:
Dungeon (5/15)
 Temple: D:4-7

Altars:
Gozag


Innate Abilities, Weirdness & Mutations

You are a tree.
Your roots penetrate the ground, keeping you stationary.
You cannot be teleported.
You are immune to unholy pain and torment.
Your maximum health is greatly increased.
Your equipment is partially melded.
((You have extremely sharp teeth.))
Your natural rate of healing is unusually fast.
When hurt, damage is shared between your health and your magic reserves.
((Your bite disrupts and absorbs the magic of your enemies.))
Potions cannot restore your health.


Message History

You feel very sick. The water moccasin bites you.
You are more poisoned.
The water moccasin poisons you!
You shoot a stone.
The stone hits the water moccasin but does no damage.
The water moccasin is heavily wounded.
You feel extremely sick.
The water moccasin bites you but does no damage.
The water moccasin bites you!
You are more poisoned.
The water moccasin poisons you!
Okay, then.
Your +2 hunting sling of flaming stops flaming.
a - a +2 dagger (weapon)
* * * LOW HITPOINT WARNING * * *
You feel very sick. The water moccasin barely misses you.
It was a potion of lignification.
You turn into a tree.
Your +0 cloak melds into your body.
Your +0 robe melds into your body.
Your roots penetrate the ground.
* * * LOW HITPOINT WARNING * * *
You feel extremely sick.
The water moccasin bites you but does no damage.
Unknown command.
It was a potion of haste.
You feel yourself speed up.
* * * LOW HITPOINT WARNING * * *
You feel very sick. The water moccasin barely misses you.
It was a potion of ambrosia.
You are confused.
Your system rejects the healing.
You feel invigorated.
* * * LOW HITPOINT WARNING * * *
You feel very sick. The water moccasin bites you.
Unknown command.
It was a potion of degeneration.
There was something very wrong with that liquid.
You feel weakened.
You feel dopey.
You feel clumsy.
You die...

.....†......###....
..#....#....#...... ...(
#####.#............ ...(
#.##..##.............(..
...##..#................
....##..........# ......
....#.....#.######......
......##.##......S......
.......#..#.....♣.......
..###..[................
..# .##..............##
..# ##....#..........
### #...###....##...
##... #....# .. #..
##.### . #.. ### ..


You could see a water moccasin.

Vanquished Creatures
  Sigmund (D:2)
  A centaur (D:5)
  A water moccasin skeleton (D:5)
  4 hounds
  An orc wizard (D:4)
  Robin (D:4)
  5 adders
  3 worms
  3 dart slugs
  11 orcs
  4 endoplasms
  2 giant cockroaches
  25 goblins
  16 hobgoblins
  2 jackals (D:1)
  6 quokkas
  3 ball pythons
  A bat (D:3)
  A frilled lizard (D:3)
  5 kobolds
  3 rats
99 creatures vanquished.

Notes
Turn   | Place    | Note
-------+----------+-------------------------------------------
     0 | D:1      | HAL9000 the Vine Stalker Brigand began the quest for the
                  | Orb.
     0 | D:1      | Reached XP level 1. HP: 11/11 MP: 2/2
    58 | D:1      | Reached skill level 5 in Stealth
   260 | D:1      | Reached XP level 2. HP: 15/15 MP: 3/3
   584 | D:1      | You fall into a shaft and drop 1 floor!
   590 | D:2      | Reached skill level 6 in Stealth
   635 | D:2      | Reached XP level 3. HP: 18/18 MP: 4/4
   714 | D:2      | Noticed Sigmund
   766 | D:2      | Killed Sigmund
   767 | D:2      | Reached skill level 8 in Stealth
   767 | D:2      | Gained mutation: Your natural rate of healing is unusually
                  | fast. [Vine Stalker growth]
   767 | D:2      | Reached XP level 4. HP: 7/23 MP: 3/5
   767 | D:2      | Reached XP level 5. HP: 8/26 MP: 3/6
  1344 | D:2      | Reached XP level 6. HP: 23/30 MP: 3/7
  1602 | D:1      | Found a faded altar of an unknown god.
  2998 | D:4      | Noticed Robin
  3062 | D:4      | Killed Robin
  3889 | D:5      | Entered Level 5 of the Dungeon
  3893 | D:5      | Reached XP level 7. HP: 34/34 MP: 8/8
  3909 | D:5      | Found an opulent altar of Gozag.
  3928 | D:5      | Reached skill level 1 in Slings
  4075 | D:5      | HP: 1/51 [poisoned by a water moccasin]
  4076 | D:5      | Succumbed to a water moccasin's poison

Illustrated notes

Levels and vault maps discovered:
D:1:      lightli_iron_boxes, layout_basic, ebering_ecumenical_altar_hall
D:2:      cheibrodos_greedy_goblins, layout_basic, uniq_sigmund
D:3:      minmay_chambers_of_twos, layout_rooms
D:4:      layout_loops_ring, uniq_robin
D:5:      layout_cave_pools, nicolae_gozag_seed_capital,
          cheibrodos_sewer_entry_drain, kennysheep_generic_room_16

Skill      XL: |  1  2  3  4  5  6  7 |
---------------+----------------------+-----
Stealth        | 5 6 8 |  8.8
Short Blades   | 2 4 |  4.2
Slings         | 2 |  2.8
Fighting       | |  1.7
Throwing       | |  1.7
Dodging        | |  0.7

Action                   |  1- 3 |  4- 6 |  7- 9 || total
-------------------------+-------+-------+-------++-------
Melee: Dagger            |    50 |   114 |       ||   164
       Bite              |    11 |    34 |       ||    45
 Fire: Hunting sling     |       |   110 |    33 ||   143
Throw: Dart              |    20 |    14 |       ||    34
  Use: Scroll            |       |     1 |       ||     1
       Potion            |       |       |     4 ||     4
 Stab: Sleeping          |     2 |     1 |       ||     3
Armor: Robe              |    12 |    26 |     4 ||    42
       Skin              |       |       |     1 ||     1
Dodge: Dodged            |    31 |    89 |    11 ||   131

Table legend: (Time is in decaauts)
 A = Elapsed time spent in this place.
 B = Non-inter-level travel time spent in this place.
 C = Inter-level travel time spent in this place.
 D = Time resting spent in this place.
 E = Time spent auto-exploring this place.
 F = Levels seen in this place.
 G = Mean time per level.
                   A        B        C        D        E       F      G
               +--------+--------+--------+--------+--------+-----+--------+
         Total |   4075 |   3877 |    198 |    505 |   2703 |   5 |  815.0 |
       Dungeon |   4075 |   3877 |    198 |    505 |   2703 |   5 |  815.0 |
               +--------+--------+--------+--------+--------+-----+--------+

Top non-repeatable levels by time:
     D:1: 1142 daAuts
     D:2: 1099 daAuts
     D:4: 864 daAuts
     D:3: 780 daAuts
     D:5: 189 daAuts
